 Dungeon Crawl Stone Soup version 0.19-a0-1886-gd64a0f0 (webtiles) character file.

89 Alarkh the Charmwright (level 4, -1/33 HPs)
             Began as a Mummy Skald on Oct 15, 2016.
             Slain by a gnoll
             ... wielding a +0 spear
              (11 damage)
             ... on level 1 of the Dungeon.
             The game lasted 00:03:08 (1554 turns).

Alarkh the Charmwright (Mummy Skald)                Turns: 1554, Time: 00:03:08

Health: -1/33      AC:  3    Str: 15    XL:     4   Next: 31%
Magic:  4/8        EV: 10    Int: 12    God:
Gold:   47         SH:  0    Dex: 11    Spells: 3 memorised, 4 levels left

rFire  x . .     SeeInvis .     a - +0 spear
rCold  + . .     Gourm    .     b - +0 leather armour
rNeg   + + +     Faith    .     (no shield)
rPois  ∞         Spirit   .     (no helmet)
rElec  .         Dismiss  .     (no cloak)
rCorr  .         Reflect  .     (no gloves)
MR     .....     Harm     .     (no boots)
Stlth  +.........               (no amulet)
                                (no ring)
                                (no ring)

@: singing, very slightly contaminated, heavily drained
A: no food or potions, fire vulnerability, cold resistance 1, negative energy
resistance 3, torment resistance, unbreathing
a: Stop Singing


You were on level 1 of the Dungeon.
You were not hungry.

You visited 1 branch of the dungeon, and saw 2 of its levels.

You collected 47 gold pieces.

Inventory:

Hand Weapons
 a - a +0 spear (weapon)
Armour
 b - a +0 leather armour (worn)
Jewellery
 f - an uncursed amulet of dismissal
 h - an uncursed amulet of harm
Scrolls
 d - 2 scrolls of identify {unknown}
 e - a scroll of remove curse
 g - a scroll of recharging {unknown}
 i - a scroll of enchant armour {unknown}
Books
 c - a book of Battle

   Spells                             Type                      Level
   a - Infusion                       Charms                       1
   b - Shroud of Golubria             Charms/Translocation         2
   c - Song of Slaying                Charms                       2
   d - Spectral Weapon                Hexes/Charms                 3
   e - Regeneration                   Charms/Necromancy            3


   Skills:
 - Level 2.0(0.7) Fighting
 + Level 2.3(1.0) Polearms
 - Level 0.7(0.0) Armour
 - Level 0.7(0.0) Dodging
 + Level 3.0(1.7) Spellcasting
 + Level 3.2(1.9) Charms


You had 4 spell levels left.
You knew the following spells:

 Your Spells              Type           Power        Failure   Level  Hunger
a - Infusion              Chrm           #...         17%         1    N/A
b - Song of Slaying       Chrm           #.......     28%         2    N/A
c - Shroud of Golubria    Chrm/Tloc      #.........   38%         2    N/A

Dungeon Overview and Level Annotations

Branches:
Dungeon (2/15)

Altars:
Cheibriados


Innate Abilities, Weirdness & Mutations

You do not eat or drink.
Your flesh is vulnerable to fire.
You are immune to poison.
Your flesh is cold resistant. (rC+)
You are immune to negative energy. (rN+++)
You are immune to unholy pain and torment.
You can survive without breathing.


Message History

The gnoll hits you but does no damage. The gnoll barely misses you.
Casting: Song of Slaying
Confirm with . or Enter, or press ? or * to list all spells.
You start singing a song of slaying.
The gnoll hits you but does no damage. x2
You closely miss the gnoll. The gnoll barely misses you.
The gnoll hits you with a club.
You hit the gnoll but do no damage.
The gnoll hits you from afar with a spear.
The gnoll closely misses you.
You hit the gnoll.
The gnoll is moderately wounded.
The gnoll barely misses you. The gnoll hits you with a club.
You hit the gnoll.
The gnoll is heavily wounded.
The gnoll hits you from afar with a spear.
The gnoll barely misses you.
You hit the gnoll.
The gnoll is severely wounded.
The gnoll hits you from afar with a spear!
You die...

############.#######.#
#.................##.#
#.##########.####.##.#
###.####### #.# #.##.#
#.........# #.####.##.###
#.#.#####.# #..[...##....
####+#.# #g# #......'....#
#......# #g####......#.†..#
##.....###
#@#.....##..'....' #.....'.#
#.#....[##..#....# #.....###
#.#.....##..#....#
#####...###.#..(......#....#
#>...'...+.....).........
#....#####...............
#....##########..........
#....'...).†.............
##...##########...###.##.


You could see 2 gnolls.

Vanquished Creatures
  2 gnolls
  2 adders (D:2)
  An ooze (D:2)
  2 dart slugs (D:1)
  2 leopard geckos
  3 bats (D:1)
  3 giant cockroaches
  5 goblins
  5 hobgoblins
  2 jackals (D:1)
  A quokka (D:2)
  A ball python (D:1)
  2 frilled lizards
  9 kobolds
  2 rats (D:1)
42 creatures vanquished.

Notes
Turn   | Place    | Note
-------+----------+-------------------------------------------
     0 | D:1      | Alarkh the Mummy Skald began the quest for the Orb.
     0 | D:1      | Reached XP level 1. HP: 16/16 MP: 3/3
    35 | D:1      | Found a snail-covered altar of Cheibriados.
   279 | D:1      | Reached XP level 2. HP: 22/22 MP: 0/5
   285 | D:1      | Learned a level 2 spell: Song of Slaying
   480 | D:1      | Learned a level 2 spell: Shroud of Golubria
   747 | D:1      | Reached XP level 3. HP: 27/27 MP: 3/6
  1257 | D:2      | Reached XP level 4. HP: 29/33 MP: 3/8
  1554 | D:1      | Slain by a gnoll

Vault maps used:
D:1:      shiori_arrival_maze, hangedman_decor_clover_reticule,
          amethyst_killhole, serial_bayou_lagoon_a, cheibriados_altar_1

Skill      XL: |  1  2  3  4 |
---------------+-------------+-----
Polearms       | 2 |  2.3
Charms         | 3 |  3.2
Spellcasting   | 3 |  3.0
Fighting       | |  2.0
Armour         | |  0.7
Dodging        | |  0.7

Action                   |  1- 3 |  4- 6 || total
-------------------------+-------+-------++-------
Melee: Spear             |   110 |    26 ||   136
 Cast: Infusion          |    13 |       ||    13
       Song of Slaying   |     4 |     3 ||     7
  Use: Scroll            |     1 |       ||     1
 Stab: Sleeping          |     2 |       ||     2
Armor: Leather armour    |    22 |     7 ||    29
Dodge: Dodged            |    37 |    19 ||    56
